AoeStats
← THL

Arabia

508574784Analyzed
1v1 RM · 9d ago on Sep 23, 2026· 37m 17s· 2 players
Game mode
Random Map
Map size
Tiny (2 player)
Population
200
Speed
Normal
Resources
Standard
Victory
Conquest
Starting age
Dark Age
Ending age
Imperial Age
RankedLock teamsTeams togetherTeam positionsShared explorationLock speedFull tech treeHidden civsTurbo modeCheats
Victory
Defeat
🇻🇳 Vikings · Vietnam
1735
+12
🇨🇳 Mongols · China
1640
-12
793970306
8:09 Feudal Age
7:26 Loom
8:41 Double-Bit Axe
9:33 Horse Collar
19:38 Castle Age
18:04 Gold Mining
18:35 Fletching
18:57 Bloodlines
20:27 Bodkin Arrow
20:36 Husbandry
20:59 Padded Archer Armor
23:51 Ballistics
25:53 Leather Archer Armor
29:25 Wheelbarrow
30:20 Town Watch
31:30 Bow Saw
33:03 Hand Cart
37:09 Imperial Age
36:10 Gold Shaft Mining
35:29 Stone Mining
THL
7:08 Loom
9:19 Feudal Age
13:42 Double-Bit Axe
13:48 Horse Collar
20:37 Castle Age
19:48 Fletching
20:41 Padded Archer Armor
20:40 Crossbowman
21:35 Bow Saw
22:08 Bodkin Arrow
23:11 Ballistics
25:50 Heavy Plow
26:47 Gold Mining
27:14 Leather Archer Armor
28:39 Gold Shaft Mining
34:53 Imperial Age
32:18 Elite Skirmisher
33:59 Scale Mail Armor
34:10 Forging
34:35 Squires
33:56 Pikeman
34:59 Arbalester
35:40 Bracer
36:41 Chemistry
36:03 Conscription
36:43 Ring Archer Armor
36:30 Chain Mail Armor
Connection lost

Rejoining the realm…

Still unreachable

The connection could not be restored.

Session expired

The server has moved on; the page needs a fresh start.